AoeStats
← fonsovich

Black Forest

508743321Analyzed
4v4 RM · 8d ago on Sep 23, 2026· 37m 16s· 8 players
Game mode
Random Map
Map size
Large (8 player)
Population
200
Speed
Normal
Resources
Standard
Victory
Conquest
Starting age
Dark Age
Ending age
Imperial Age
RankedLock teamsTeams togetherTeam positionsShared explorationLock speedFull tech treeHidden civsTurbo modeCheats
Victory
Defeat
🇲🇽 Spanish · Mexico
625
+15
🇵🇪 Sicilians · Peru
578
+17
🇨🇱 Turks · Chile
576
+17
🇦🇷 Huns · Argentina
460
+21
🇹🇷 Hindustanis · Türkiye
764
-25
🇺🇸 Aztecs · United States
729
-23
🇨🇦 Jurchens · Canada
460
-12
🇮🇪 Teutons · Ireland
401
-10
Max1muZS
0:33 Loom
20:56 Feudal Age
22:16 Wheelbarrow
21:28 Double-Bit Axe
25:27 Gold Mining
30:10 Horse Collar
32:33 Arson
33:26 Scale Mail Armor
33:36 Forging
37:46 Stone Mining
Master_Spider666
14:51 Feudal Age
17:21 Wheelbarrow
16:51 Loom
16:59 Gold Mining
17:28 Double-Bit Axe
19:56 Horse Collar
20:11 Stone Mining
21:45 Scale Mail Armor
21:48 Man-at-Arms
22:44 Forging
24:15 Arson
29:57 Padded Archer Armor
29:47 Fletching
30:03 Scale Barding Armor
33:24 Castle Age
31:10 Town Watch
33:40 Bloodlines
34:22 Chain Mail Armor
34:43 Iron Casting
33:31 Long Swordsman
33:31 Pikeman
33:57 Gambesons
36:06 Bow Saw
35:58 Heavy Plow
36:06 Bodkin Arrow
35:45 Light Cavalry
Mapuche Mayer
10:19 Feudal Age
11:13 Double-Bit Axe
11:23 Fishing Lines
18:04 Wheelbarrow
22:07 Castle Age
20:47 Gold Mining
20:47 Stone Mining
23:06 Hand Cart
22:36 Loom
23:02 Bow Saw
23:00 Gillnets
25:30 Fletching
25:40 Padded Archer Armor
31:58 Imperial Age
30:30 Gold Shaft Mining
29:41 Town Watch
29:55 Bodkin Arrow
30:16 Leather Archer Armor
31:04 Thumb Ring
31:22 Sipahi
31:13 Caravan
31:44 Coinage
32:22 Town Patrol
32:30 Heavy Cavalry Archer
33:35 Parthian Tactics
33:37 Conscription
33:43 Bombard Tower
33:48 Ballistics
33:50 Bombard Tower
34:16 Bloodlines
34:07 Husbandry
35:57 Bracer
36:27 Ring Archer Armor
36:10 Masonry
35:40 Treadmill Crane
fonsovich
15:08 Feudal Age
23:09 Castle Age
23:41 Scale Barding Armor
23:47 Forging
29:24 Chain Barding Armor
29:40 Iron Casting
39:04 Imperial Age
36:40 Marauders
BasicOrc4106
0:28 Loom
13:59 Feudal Age
14:27 Double-Bit Axe
14:24 Horse Collar
17:07 Gold Mining
19:38 Castle Age
20:36 Bow Saw
20:29 Heavy Plow
24:43 Wheelbarrow
24:05 Town Watch
25:35 Gold Shaft Mining
26:23 Hand Cart
27:23 Stone Mining
28:56 Stone Shaft Mining
29:55 Herbal Medicine
30:05 Treadmill Crane
30:46 Ballistics
33:00 Imperial Age
30:52 Caravan
34:57 Chemistry
33:59 Scale Mail Armor
34:10 Forging
34:53 Crop Rotation
34:13 Man-at-Arms
34:40 Gambesons
34:57 Squires
35:08 Town Patrol
Feudal Temptation
1:35 Loom
15:25 Feudal Age
21:34 Castle Age
20:33 Double-Bit Axe
20:29 Horse Collar
20:44 Gold Mining
25:02 Horse Collar
27:05 Heavy Plow
30:34 Wheelbarrow
34:10 Bow Saw
37:00 Imperial Age
kealanmurphy83
2:43 Loom
27:15 Feudal Age
30:02 Wheelbarrow
29:12 Town Watch
29:20 Horse Collar
29:29 Double-Bit Axe
31:33 Scale Mail Armor
31:44 Forging
35:01 Castle Age
34:01 Stone Mining
34:02 Man-at-Arms
34:29 Arson
35:33 Pikeman
36:14 Squires
35:39 Pikeman
36:20 Squires
I MISS HER
13:46 Feudal Age
16:50 Double-Bit Axe
19:51 Castle Age
18:11 Gold Mining
18:14 Stone Mining
18:20 Horse Collar
20:55 Bow Saw
24:02 Wheelbarrow
27:01 Pikeman
28:05 Hand Cart
32:22 Imperial Age
30:41 Gold Shaft Mining
30:08 Heavy Plow
30:46 Stone Shaft Mining
34:23 Caravan
Connection lost

Rejoining the realm…

Still unreachable

The connection could not be restored.

Session expired

The server has moved on; the page needs a fresh start.